| TOP OF THE 1ST |
|
St. Louis Cardinals batting - Pitching for New York Mets : RHP Pete Redfern
|
|
Pitching: RHP Pete Redfern
|
|
|
Batting: SHB Otis Nixon
|
0-0: SINGLE (Groundball, 56, EV 100.6 MPH) (infield hit)
|
|
Batting: LHB Jim Gantner
|
0-0: Ball Otis Nixon is caught stealing 2nd base 2-6 1-0: Ball 2-0: Ball 3-0: Called Strike 3-1: Called Strike 3-2: Base on Balls
|
|
Batting: RHB Sixto Lezcano
|
0-0: Ball 1-0: Fly out, F7 (Flyball, 78M, EV 88.8 MPH)
|
|
Batting: LHB Pat Putnam
|
0-0: Ball 1-0: Called Strike 1-1: Called Strike Jim Gantner steals 2nd base 1-2: Single, Error in OF, E7, batter to second base (Line Drive, 78S, EV 107.5 MPH) Jim Gantner scores
|
|
Batting: RHB Bob Watson
|
0-0: Fly out, F4 (Popup, 4, EV 74.4 MPH)
|
| Top of the 1st over - 1 run, 2 hits, 1 error, 1 left on base; St. Louis 1 - New York 0 |
| BOTTOM OF THE 1ST |
|
New York Mets batting - Pitching for St. Louis Cardinals : RHP Tom Candiotti
|
|
Pitching: RHP Tom Candiotti
|
|
|
Batting: RHB Dave Concepcion
|
0-0: Ball 1-0: Ball 2-0: Ground out 6-3 (Groundball, 6M, EV 85.0 MPH)
|
|
Batting: LHB Lyman Bostock
|
0-0: Ball 1-0: Foul Ball, location: 2F 1-1: Fly out, F6 (Flyball, 56D, EV 93.1 MPH)
|
|
Batting: LHB John Kruk
|
0-0: Called Strike 0-1: Ball 1-1: Foul Ball, location: 2F 1-2: Ball 2-2: Ball 3-2: SINGLE (Groundball, 4D, EV 96.3 MPH)
|
|
Batting: SHB Ken Singleton
|
0-0: Ball 1-0: Called Strike 1-1: Called Strike 1-2: Strikes out looking
|
| Bottom of the 1st over - 0 runs, 1 hit, 0 errors, 1 left on base; St. Louis 1 - New York 0 |
| TOP OF THE 2ND |
|
St. Louis Cardinals batting - Pitching for New York Mets : RHP Pete Redfern
|
|
Batting: LHB Mike Davis
|
0-0: Foul Ball, location: 2F 0-1: Swinging Strike 0-2: Ball 1-2: Foul Ball, location: 2F 1-2: Fly out, F9 (Flyball, 9LS, EV 88.1 MPH)
|
|
Batting: RHB Joe Torre
|
0-0: Ball 1-0: Foul Ball, location: 2F 1-1: Fly out, F7 (Line Drive, 7, EV 85.0 MPH)
|
|
Batting: SHB Billy E Smith
|
0-0: Fly out, F7 (Line Drive, 7D, EV 99.4 MPH)
|
| Top of the 2nd over - 0 runs, 0 hits, 0 errors, 0 left on base; St. Louis 1 - New York 0 |
| BOTTOM OF THE 2ND |
|
New York Mets batting - Pitching for St. Louis Cardinals : RHP Tom Candiotti
|
|
Batting: RHB Garry Maddox
|
0-0: Called Strike 0-1: Ball 1-1: Foul Ball, location: 2F 1-2: Ball 2-2: Ball 3-2: Strikes out swinging
|
|
Batting: RHB Ray Knight
|
0-0: Ground out 6-3 (Groundball, 56, EV 99.4 MPH)
|
|
Batting: RHB Bill Almon
|
0-0: Ball 1-0: Called Strike 1-1: Ball 2-1: Ball 3-1: Foul Ball, location: 2F 3-2: Fly out, F7 (Flyball, 7, EV 98.1 MPH)
|
| Bottom of the 2nd over - 0 runs, 0 hits, 0 errors, 0 left on base; St. Louis 1 - New York 0 |
| TOP OF THE 3RD |
|
St. Louis Cardinals batting - Pitching for New York Mets : RHP Pete Redfern
|
|
Batting: RHB Tom Candiotti
|
0-0: Called Strike 0-1: Fly out, F9 (Flyball, 89M, EV 82.5 MPH)
|
|
Batting: SHB Otis Nixon
|
0-0: Called Strike 0-1: Ground out 4-3 (Groundball, 4, EV 93.1 MPH)
|
|
Batting: LHB Jim Gantner
|
0-0: Ball 1-0: Ball 2-0: Ball 3-0: Called Strike 3-1: Base on Balls
|
|
Batting: RHB Sixto Lezcano
|
0-0: Ball 1-0: Foul Ball, location: 2F 1-1: Called Strike 1-2: Strikes out swinging
|
| Top of the 3rd over - 0 runs, 0 hits, 0 errors, 1 left on base; St. Louis 1 - New York 0 |
| BOTTOM OF THE 3RD |
|
New York Mets batting - Pitching for St. Louis Cardinals : RHP Tom Candiotti
|
|
Batting: RHB Jason Sickman
|
0-0: Ball 1-0: Ground out 6-3 (Groundball, 6, EV 105.0 MPH)
|
|
Batting: RHB Pete Redfern
|
0-0: Called Strike 0-1: Ball 1-1: Fly out, F8 (Flyball, 8RS, EV 79.4 MPH)
|
|
Batting: RHB Dave Concepcion
|
0-0: Called Strike 0-1: Ball 1-1: Foul Ball, location: 2F 1-2: Ball 2-2: Ground out 6-3 (Groundball, 6MD, EV 100.6 MPH)
|
| Bottom of the 3rd over - 0 runs, 0 hits, 0 errors, 0 left on base; St. Louis 1 - New York 0 |
| TOP OF THE 4TH |
|
St. Louis Cardinals batting - Pitching for New York Mets : RHP Pete Redfern
|
|
Batting: LHB Pat Putnam
|
0-0: Called Strike 0-1: Foul Ball, location: 2F 0-2: Ball 1-2: Ground out U3 (Groundball, 34, EV 90.6 MPH)
|
|
Batting: RHB Bob Watson
|
0-0: Called Strike 0-1: Fly out, F8 (Flyball, 78XD, EV 91.9 MPH)
|
|
Batting: LHB Mike Davis
|
0-0: Ball 1-0: SINGLE (Groundball, 56D, EV 110.0 MPH)
|
|
Batting: RHB Joe Torre
|
0-0: Fly out, F9 (Flyball, 9S, EV 88.8 MPH)
|
| Top of the 4th over - 0 runs, 1 hit, 0 errors, 1 left on base; St. Louis 1 - New York 0 |
| BOTTOM OF THE 4TH |
|
New York Mets batting - Pitching for St. Louis Cardinals : RHP Tom Candiotti
|
|
Batting: LHB Lyman Bostock
|
0-0: Foul Ball, location: 2F 0-1: Ball 1-1: Ball 2-1: Ball 3-1: Base on Balls
|
|
Batting: LHB John Kruk
|
0-0: Called Strike 0-1: Fly out, F7 (Flyball, 78M, EV 93.1 MPH)
|
|
Batting: SHB Ken Singleton
|
0-0: Ball 1-0: Ball 2-0: Ball 3-0: Base on Balls Lyman Bostock to second
|
|
Batting: RHB Garry Maddox
|
0-0: Called Strike 0-1: SINGLE (Groundball, 6MD, EV 94.4 MPH) Lyman Bostock to third Ken Singleton to second Runner from 3rd tries for Home, SAFE, throw by CF to home
|
|
Batting: RHB Ray Knight
|
0-0: Called Strike 0-1: Foul Ball, location: 2F 0-2: Ball 1-2: Ball 2-2: Strikes out looking
|
|
Batting: RHB Bill Almon
|
0-0: Foul Ball, location: 2F 0-1: Ball 1-1: Ball 2-1: Ground out U3 (Groundball, 3, EV 86.3 MPH)
|
| Bottom of the 4th over - 1 run, 1 hit, 0 errors, 2 left on base; St. Louis 1 - New York 1 |
| TOP OF THE 5TH |
|
St. Louis Cardinals batting - Pitching for New York Mets : RHP Pete Redfern
|
|
Batting: SHB Billy E Smith
|
0-0: Ball 1-0: Ball 2-0: Ball 3-0: Base on Balls
|
|
Batting: RHB Tom Candiotti
|
0-0: Called Strike 0-1: Bunted foul 0-2: Ball 1-2: Sac Bunt to 5S - play at first, batter OUT! 5-4 Billy E Smith to second
|
|
Batting: SHB Otis Nixon
|
0-0: Ball 1-0: Foul Ball, location: 2F 1-1: Ball 2-1: Ground out 6-3 (Groundball, 6, EV 90.0 MPH) Billy E Smith to third
|
|
Batting: LHB Jim Gantner
|
0-0: Ball 1-0: Foul Ball, location: 2F 1-1: Fly out, F3 (Line Drive, 3, EV 64.4 MPH)
|
| Top of the 5th over - 0 runs, 0 hits, 0 errors, 1 left on base; St. Louis 1 - New York 1 |
| BOTTOM OF THE 5TH |
|
New York Mets batting - Pitching for St. Louis Cardinals : RHP Tom Candiotti
|
|
Batting: RHB Jason Sickman
|
0-0: Ball 1-0: SINGLE (Groundball, 34D, EV 108.8 MPH)
|
|
Batting: RHB Pete Redfern
|
0-0: Ball 1-0: Bunted foul 1-1: Sac Bunt to P - play at second, runner OUT! 1-6
|
|
Batting: RHB Dave Concepcion
|
0-0: Swinging Strike 0-1: Ball 1-1: Ball 2-1: Foul Ball, location: 2F 2-2: Grounds into double play, 5-4-3 (Groundball, 56S, EV 90.0 MPH)
|
| Bottom of the 5th over - 0 runs, 1 hit, 0 errors, 0 left on base; St. Louis 1 - New York 1 |
| TOP OF THE 6TH |
|
St. Louis Cardinals batting - Pitching for New York Mets : RHP Pete Redfern
|
|
Batting: RHB Sixto Lezcano
|
0-0: Ball 1-0: Ball 2-0: Foul Ball, location: 2F 2-1: Foul Ball, location: 2F 2-2: Ground out 2-3 (Groundball, 2R, EV 62.5 MPH)
|
|
Batting: LHB Pat Putnam
|
0-0: Called Strike 0-1: Ground out 4-3 (Groundball, 4, EV 106.9 MPH)
|
|
Batting: RHB Bob Watson
|
0-0: Called Strike 0-1: Ball 1-1: Foul Ball, location: 2F 1-2: Ground out 6-3 (Groundball, 56, EV 101.9 MPH)
|
| Top of the 6th over - 0 runs, 0 hits, 0 errors, 0 left on base; St. Louis 1 - New York 1 |
| BOTTOM OF THE 6TH |
|
New York Mets batting - Pitching for St. Louis Cardinals : RHP Tom Candiotti
|
|
Batting: LHB Lyman Bostock
|
0-0: Called Strike 0-1: Foul Ball, location: 2F 0-2: Ball 1-2: Ball 2-2: SINGLE (Groundball, 4M, EV 105.6 MPH) (infield hit)
|
|
Batting: LHB John Kruk
|
0-0: Fly out, F7 (Flyball, 7D, EV 86.3 MPH)
|
|
Batting: SHB Ken Singleton
|
0-0: Ball 1-0: Ball 2-0: Ball 3-0: Called Strike 3-1: Foul Ball, location: 2F 3-2: Fly out, F8 (Flyball, 89M, EV 83.8 MPH)
|
|
Batting: RHB Garry Maddox
|
0-0: Called Strike 0-1: Ball 1-1: Ball 2-1: Swinging Strike 2-2: Foul Ball, location: 2F 2-2: Foul Ball, location: 2F 2-2: Strikes out swinging
|
| Bottom of the 6th over - 0 runs, 1 hit, 0 errors, 1 left on base; St. Louis 1 - New York 1 |
| TOP OF THE 7TH |
|
St. Louis Cardinals batting - Pitching for New York Mets : RHP Pete Redfern
|
|
Batting: LHB Mike Davis
|
0-0: Called Strike 0-1: Ball 1-1: Called Strike 1-2: Foul Ball, location: 2F 1-2: Ball 2-2: Ball 3-2: Strikes out swinging
|
|
Batting: RHB Joe Torre
|
0-0: Ball 1-0: Foul Ball, location: 2F 1-1: Ball 2-1: Ball 3-1: Base on Balls
|
|
Pitching: RHP Matt Adams
|
|
|
Now in LF: Roy E Johnson
|
|
|
Batting: SHB Billy E Smith
|
0-0: Ground out 5-3 (Groundball, 56S, EV 68.1 MPH) Joe Torre to second
|
|
Batting: RHB Tom Candiotti
|
0-0: Called Strike 0-1: Called Strike 0-2: Hit by Pitch
|
|
Pinch Runner at 2nd Mookie Wilson:
|
|
|
Batting: SHB Otis Nixon
|
0-0: Called Strike 0-1: Swinging Strike 0-2: Ball 1-2: Foul Ball, location: 2F 1-2: Foul Ball, location: 2F 1-2: SINGLE (Flyball, 78S, EV 98.1 MPH) Mookie Wilson to third Tom Candiotti to second Runner from 3rd tries for Home, SAFE, throw by LF to home
|
|
Batting: LHB Jim Gantner
|
0-0: Ball 1-0: Foul Ball, location: 2F 1-1: Swinging Strike 1-2: Strikes out swinging
|
| Top of the 7th over - 1 run, 1 hit, 0 errors, 2 left on base; St. Louis 2 - New York 1 |
| BOTTOM OF THE 7TH |
|
New York Mets batting - Pitching for St. Louis Cardinals : RHP Tom Candiotti
|
|
Now at 2B: Steve Lubratich
|
|
|
Batting: RHB Ray Knight
|
0-0: Called Strike 0-1: Ball 1-1: Ground out 6-3 (Groundball, 6, EV 80.0 MPH)
|
|
Batting: RHB Bill Almon
|
0-0: Called Strike 0-1: Ground out 6-3 (Groundball, 6, EV 83.1 MPH)
|
|
Batting: RHB Jason Sickman
|
0-0: Called Strike 0-1: Ball 1-1: Foul Ball, location: 2F 1-2: Foul Ball, location: 2F 1-2: Foul Ball, location: 2F 1-2: Ball 2-2: Ground out 5-3 (Groundball, 15, EV 89.4 MPH)
|
| Bottom of the 7th over - 0 runs, 0 hits, 0 errors, 0 left on base; St. Louis 2 - New York 1 |
| TOP OF THE 8TH |
|
St. Louis Cardinals batting - Pitching for New York Mets : RHP Matt Adams
|
|
Batting: RHB Sixto Lezcano
|
0-0: Foul Ball, location: 2F 0-1: Ball 1-1: Foul Ball, location: 2F 1-2: Foul Ball, location: 2F 1-2: Ball 2-2: Fly out, F8 (Flyball, 8LD, EV 105.6 MPH)
|
|
Batting: LHB Pat Putnam
|
0-0: Ball 1-0: Foul Ball, location: 2F 1-1: Ball 2-1: Ground out U3 (Groundball, 3, EV 87.5 MPH)
|
|
Batting: RHB Bob Watson
|
0-0: Ball 1-0: Ball 2-0: Called Strike 2-1: Swinging Strike 2-2: Strikes out swinging
|
| Top of the 8th over - 0 runs, 0 hits, 0 errors, 0 left on base; St. Louis 2 - New York 1 |
| BOTTOM OF THE 8TH |
|
New York Mets batting - Pitching for St. Louis Cardinals : RHP Tom Candiotti
|
|
Pitching: RHP Larry Andersen
|
|
|
Now at C: Brian Dayett
|
|
|
Batting: LHB Roy E Johnson
|
0-0: Ball 1-0: Swinging Strike 1-1: Ball 2-1: Ground out 5-3 (Groundball, 5, EV 76.9 MPH)
|
|
Batting: RHB Dave Concepcion
|
0-0: Ball 1-0: Called Strike 1-1: Ball 2-1: Swinging Strike 2-2: Strikes out swinging
|
|
Batting: LHB Lyman Bostock
|
0-0: Called Strike 0-1: Ball 1-1: Foul Ball, location: 2F 1-2: Strikes out swinging
|
| Bottom of the 8th over - 0 runs, 0 hits, 0 errors, 0 left on base; St. Louis 2 - New York 1 |
| TOP OF THE 9TH |
|
St. Louis Cardinals batting - Pitching for New York Mets : RHP Matt Adams
|
|
Batting: LHB Mike Davis
|
0-0: Called Strike 0-1: Foul Ball, location: 2F 0-2: Strikes out looking
|
|
Pitching: LHP William Scholl
|
|
|
Batting: RHB Steve Lubratich
|
0-0: Ball 1-0: Fly out, F1 (Line Drive, P, EV 71.9 MPH)
|
|
Batting: SHB Billy E Smith
|
0-0: Ball 1-0: Called Strike 1-1: Ball 2-1: Called Strike 2-2: Strikes out swinging
|
| Top of the 9th over - 0 runs, 0 hits, 0 errors, 0 left on base; St. Louis 2 - New York 1 |
| BOTTOM OF THE 9TH |
|
New York Mets batting - Pitching for St. Louis Cardinals : RHP Larry Andersen
|
|
Batting: LHB John Kruk
|
0-0: Ball 1-0: Called Strike 1-1: Ball 2-1: Ball 3-1: Ground out 6-3 (Groundball, 4M, EV 100.0 MPH)
|
|
Batting: SHB Ken Singleton
|
0-0: Swinging Strike 0-1: Foul Ball, location: 2F 0-2: Ball 1-2: Strikes out swinging
|
|
Pinch Hitting: LHB Alamazoo White
|
0-0: Ground out 6-3 (Groundball, 56, EV 79.4 MPH)
|
| Bottom of the 9th over - 0 runs, 0 hits, 0 errors, 0 left on base; St. Louis 2 - New York 1 |
|